 Dungeon Crawl Stone Soup version 0.21.1-1-g345015f (webtiles) character file.

4402 KleinerIrrer the Basher (level 10, -4/63 HPs)
             Began as a Gargoyle Fighter on Apr 4, 2018.
             Was a Believer of Okawaru.
             Splashed by Maurice's acid (11 damage)
             ... on level 8 of the Dungeon.
             The game lasted 00:04:25 (8093 turns).

KleinerIrrer the Basher (Gargoyle Fighter)          Turns: 8093, Time: 00:04:25

Health: -4/63      AC: 19    Str: 23    XL:     10   Next: 35%
Magic:  12/13      EV:  9    Int:  9    God:    Okawaru [**....]
Gold:   324        SH: 12    Dex:  9    Spells: 9/9 levels left

rFire    . . .     SeeInvis .   Y - +0 morningstar
rCold    . . .     Gourm    .   c - +0 shield
rNeg     + + .     Faith    .   x - +0 plate armour
rPois    ∞         Spirit   .   (no helmet)
rElec    +         Reflect  .   (no cloak)
rCorr    .         Harm     .   (no gloves)
MR       .....                  v - +0 pair of boots
Stlth    ..........             (no amulet)
HPRegen  0.20/turn              r - ring of positive energy
MPRegen  0.13/turn              (no ring)

@: heroism, corroded
A: negative energy resistance 1, electricity resistance, unbreathing,
petrification resistance, rot immunity, AC +7
a: Heroism, Renounce Religion


You were on level 8 of the Dungeon.
You worshipped Okawaru.
Okawaru was pleased with you.
You were hungry.

You visited 2 branches of the dungeon, and saw 9 of its levels.

You collected 324 gold pieces.


Innate Abilities, Weirdness & Mutations

You are resistant to torment.
Your stone body is resilient. (AC +7)
You are immune to poison.
You resist negative energy. (rN+)
You are resistant to electric shocks. (rElec)
You can survive without breathing.
You are immune to petrification.
You are immune to rotting.


   Skills:
 - Level 7.1(12.1) Fighting
 + Level 10.8(15.8) Maces & Flails
 - Level 6.1(11.1) Armour
 - Level 1.0(6.0) Dodging
 - Level 7.0(12.0) Shields
 - Level 4.0 Invocations


You had 9 spell levels left.
You didn't know any spells.

Inventory:

Hand Weapons
 Y - a +0 morningstar (weapon)
Missiles
 m - a poisoned javelin
 p - 8 tomahawks (quivered)
 t - a javelin
Armour
 a - a +1 chain mail of fire resistance
 c - a +0 shield (worn)
 v - a +0 pair of boots (worn)
 x - a +0 plate armour (worn)
Jewellery
 r - a ring of positive energy (left hand)
Wands
 g - a wand of enslavement (9)
Scrolls
 h - 2 scrolls of remove curse
 n - a scroll of identify
Potions
 d - 2 potions of might
 f - a potion of heal wounds
 i - a potion of berserk rage {unknown}
 k - 2 potions of curing
 o - a potion of haste
 q - 2 potions of cancellation
 w - a potion of invisibility {unknown}
Comestibles
 b - 3 chunks of flesh
 e - 20 rations

Dungeon Overview and Level Annotations

Branches:
Dungeon (8/15)             Temple (1/1) D:7
   Lair: D:8-11

Altars:
Ashenzari
Cheibriados
Dithmenos
Elyvilon
Fedhas
Gozag
Hepliaklqana
Kikubaaqudgha
Makhleb
Nemelex Xobeh
Okawaru
Qazlal
Ru
Sif Muna
Trog
Uskayaw
Vehumet
Wu Jian
Xom
Yredelemnul
Zin
The Shining One

Annotations:
D:8 Maurice


Message History

A killer bee comes into view.
You hear a zap.
A bolt of acid appears from out of thin air!
The bolt of acid hits you!
You are splashed with acid!
The acid burns!
You swing at nothing.
You hear some strange, mumbled words.
You swing at nothing.
You swing at nothing.
You swing at nothing.
You swing at nothing.
You swing at nothing.
You swing at nothing.
You hear a zap.
A bolt of acid appears from out of thin air!
The bolt of acid misses you.
You swing at nothing.
You hear a zap.
A bolt of acid appears from out of thin air!
The bolt of acid hits you!
You are splashed with acid!
The acid burns!
You die...

#########
.##.....@.#
.......##.##
...........#
.......##..#
.......##..#
.......#...##
....y.......#
............#
...##.##.##.#


There were no monsters in sight!

Vanquished Creatures
  Pikel (D:6)
  A hippogriff (D:8)
  A human (D:7)
  Grum (D:8)
  4 hogs (D:7)
  Duvessa (D:4)
  3 sky beasts
  2 ogres
  A black bear (D:7)
  3 orc warriors
  3 wolves (D:8)
  A phantom (D:4)
  3 centaurs
  A crocodile (D:8)
  A big kobold (D:7)
  3 bullfrogs
  Dowan (D:4)
  2 scorpions
  4 wights (D:7)
  A howler monkey (D:6)
  3 crimson imps (D:7)
  2 orc priests
  A centaur skeleton (D:6)
  2 hounds
  2 iguanas (D:7)
  5 worker ants
  4 orc wizards
  A hound zombie (D:7)
  A worker ant zombie (D:6)
  A howler monkey zombie (D:8)
  3 gnolls (D:3)
  5 adders
  2 adder skeletons
  2 leopard geckos
  21 orcs
  3 ball pythons
  6 giant cockroaches
  14 goblins
  12 hobgoblins
  12 jackals
  3 quokkas
  12 bats
  8 frilled lizards
  18 kobolds
  4 rats
185 creatures vanquished.

Vanquished Creatures (others)
  A slave (D:6)
  A bullfrog (D:6)
  An orc priest (D:6)
  A centaur skeleton (D:6)
  An adder (D:6)
  A worm (D:6)
  5 orcs (D:6)
  2 jackals (D:6)
13 creatures vanquished.

Grand Total: 198 creatures vanquished

Notes
Turn   | Place    | Note
-------+----------+-------------------------------------------
     0 | D:1      | KleinerIrrer the Gargoyle Fighter began the quest for the Orb.
     0 | D:1      | Reached XP level 1. HP: 14/14 MP: 1/1
     0 | D:1      | 0 ||| counter = 8
   102 | D:1      | 102 ||| Stepping ~*~*~tactically~*~*~ (outnumbered).
   158 | D:1      | Reached XP level 2. HP: 15/19 MP: 2/2
   405 | D:1      | Reached skill level 3 in Maces & Flails
   593 | D:1      | 593 ||| Stepping ~*~*~tactically~*~*~ (outnumbered).
   631 | D:1      | Reached XP level 3. HP: 23/23 MP: 3/3
   920 | D:1      | 920 ||| UPGRADING to runed scarf.
   925 | D:1      | 925 ||| REMOVING scarf of cloud immunity.
   930 | D:1      | 930 ||| DROPPING scarf of cloud immunity.
   931 | D:1      | 931 ||| READING scroll labeled VIFOCZ FARCH.
   932 | D:1      | 932 ||| READING 2 scrolls labeled INAMUA USTUSHRYARE.
   933 | D:1      | 933 ||| READING scroll labeled XIGOFU DAFI.
   934 | D:1      | 934 ||| READING scroll labeled VAIKIBRE ATIJU.
   935 | D:1      | 935 ||| READING 2 scrolls labeled ZYNE LIREYCER.
   988 | D:2      | 988 ||| SWAPPING to runed whip.
   989 | D:2      | 989 ||| READING scroll of remove curse.
   990 | D:2      | 990 ||| SWAPPING to +1 flail.
   991 | D:2      | 991 ||| DROPPING -3 whip.
  1029 | D:2      | 1029 ||| Stepping ~*~*~tactically~*~*~ (outnumbered).
  1030 | D:2      | 1030 ||| Stepping ~*~*~tactically~*~*~ (outnumbered).
  1031 | D:2      | 1031 ||| Stepping ~*~*~tactically~*~*~ (outnumbered).
  1032 | D:2      | 1032 ||| Stepping ~*~*~tactically~*~*~ (outnumbered).
  1034 | D:2      | 1034 ||| Stepping ~*~*~tactically~*~*~ (outnumbered).
  1035 | D:2      | 1035 ||| Stepping ~*~*~tactically~*~*~ (outnumbered).
  1045 | D:2      | 1045 ||| STAIRDANCE
  1280 | D:2      | 1280 ||| Stepping ~*~*~tactically~*~*~ (outnumbered).
  1286 | D:2      | Reached skill level 4 in Maces & Flails
  1341 | D:2      | 1341 ||| Stepping ~*~*~tactically~*~*~ (outnumbered).
  1346 | D:2      | Reached XP level 4. HP: 28/28 MP: 4/4
  1618 | D:2      | Found a glowing golden altar of the Shining One.
  1918 | D:2      | 1918 ||| DRINKING 4 fizzy amethyst potions.
  1919 | D:2      | 1919 ||| READING 2 scrolls of identify.
  1919 | D:2      | 1919 ||| IDENTIFYING white potion
  1945 | D:3      | 1945 ||| STAIRDANCE
  1950 | D:3      | 1950 ||| STAIRDANCE
  1984 | D:3      | 1984 ||| READING scroll of enchant weapon.
  1984 | D:3      | 1984 ||| ENCHANTING +1 flail.
  2110 | D:3      | 2110 ||| STAIRDANCE
  2151 | D:3      | Reached skill level 5 in Maces & Flails
  2246 | D:3      | Reached XP level 5. HP: 32/32 MP: 5/5
  2402 | D:3      | 2402 ||| Stepping ~*~*~tactically~*~*~ (outnumbered).
  2404 | D:3      | 2404 ||| Stepping ~*~*~tactically~*~*~ (outnumbered).
  2405 | D:3      | 2405 ||| Stepping ~*~*~tactically~*~*~ (outnumbered).
  2406 | D:3      | 2406 ||| Stepping ~*~*~tactically~*~*~ (outnumbered).
  2407 | D:3      | 2407 ||| Stepping ~*~*~tactically~*~*~ (outnumbered).
  2408 | D:3      | 2408 ||| Stepping ~*~*~tactically~*~*~ (outnumbered).
  2409 | D:3      | 2409 ||| Stepping ~*~*~tactically~*~*~ (outnumbered).
  2632 | D:3      | 2632 ||| READING scroll of enchant weapon.
  2632 | D:3      | 2632 ||| ENCHANTING +2 flail.
  3021 | D:3      | 3021 ||| UPGRADING to chain mail.
  3031 | D:3      | 3031 ||| DROPPING +0 scale mail.
  3032 | D:3      | 3032 ||| READING scroll labeled GUPODO VUAPH.
  3033 | D:3      | 3033 ||| READING scroll labeled MINEILEVARU.
  3179 | D:4      | Reached skill level 6 in Maces & Flails
  3215 | D:4      | Noticed an ogre
  3220 | D:4      | Killed an ogre
  3220 | D:4      | Reached XP level 6. HP: 25/39 MP: 6/6
  3354 | D:4      | 3354 ||| SWAPPING to morningstar.
  3362 | D:4      | 3362 ||| DROPPING +3 flail.
  3424 | D:4      | Noticed Dowan
  3425 | D:4      | Noticed Duvessa
  3449 | D:4      | Killed Duvessa
  3449 | D:4      | Reached XP level 7. HP: 22/44 MP: 7/7
  3467 | D:4      | Killed Dowan
  3646 | D:4      | 3646 ||| Stepping ~*~*~tactically~*~*~ (outnumbered).
  4048 | D:4      | 4048 ||| UPGRADING to shiny ring mail.
  4058 | D:4      | 4058 ||| UPGRADING to +0 chain mail.
  4068 | D:4      | 4068 ||| DROPPING +1 ring mail of positive energy.
  4069 | D:4      | 4069 ||| READING scroll labeled USTRUTS ZYINUC.
  4074 | D:4      | 4074 ||| READING scroll labeled NYCHOU YBBYSSAAN.
  4075 | D:4      | 4075 ||| READING 3 scrolls of identify.
  4075 | D:4      | 4075 ||| IDENTIFYING large bronze ring
  4076 | D:4      | 4076 ||| UPGRADING to ring of positive energy.
  4077 | D:4      | 4077 ||| READING 2 scrolls of identify.
  4077 | D:4      | 4077 ||| IDENTIFYING grey potion
  4078 | D:4      | 4078 ||| DROPPING potion of ambrosia.
  4103 | D:5      | Entered Level 5 of the Dungeon
  4138 | D:5      | Reached skill level 7 in Maces & Flails
  4659 | D:5      | 4659 ||| READING scroll labeled MAQAGG XUBOIX.
  4691 | D:6      | Reached skill level 8 in Maces & Flails
  4691 | D:6      | Reached XP level 8. HP: 48/48 MP: 8/8
  4694 | D:6      | Noticed Pikel
  4698 | D:6      | 4698 ||| Stepping ~*~*~tactically~*~*~ (outnumbered).
  4700 | D:6      | 4700 ||| Stepping ~*~*~tactically~*~*~ (outnumbered).
  4702 | D:6      | 4702 ||| Stepping ~*~*~tactically~*~*~ (outnumbered).
  4703 | D:6      | 4703 ||| Stepping ~*~*~tactically~*~*~ (outnumbered).
  4713 | D:6      | Reached skill level 1 in Dodging
  4720 | D:6      | Killed Pikel
  4791 | D:6      | 4791 ||| STAIRDANCE
  5015 | D:6      | 5015 ||| Stepping ~*~*~tactically~*~*~ (outnumbered).
  5019 | D:6      | 5019 ||| Stepping ~*~*~tactically~*~*~ (outnumbered).
  5021 | D:6      | 5021 ||| Stepping ~*~*~tactically~*~*~ (outnumbered).
  5022 | D:6      | 5022 ||| DRINKING 3 potions of curing.
  5022 | D:6      | 5022 ||| (to cure confusion)
  5023 | D:6      | 5023 ||| Stepping ~*~*~tactically~*~*~ (outnumbered).
  5024 | D:6      | 5024 ||| Stepping ~*~*~tactically~*~*~ (outnumbered).
  5029 | D:6      | 5029 ||| Stepping ~*~*~tactically~*~*~ (outnumbered).
  5031 | D:6      | 5031 ||| Stepping ~*~*~tactically~*~*~ (outnumbered).
  5032 | D:6      | 5032 ||| Stepping ~*~*~tactically~*~*~ (outnumbered).
  5033 | D:6      | 5033 ||| Stepping ~*~*~tactically~*~*~ (outnumbered).
  5034 | D:6      | 5034 ||| Stepping ~*~*~tactically~*~*~ (outnumbered).
  5035 | D:6      | 5035 ||| Stepping ~*~*~tactically~*~*~ (outnumbered).
  5036 | D:6      | 5036 ||| Stepping ~*~*~tactically~*~*~ (outnumbered).
  5037 | D:6      | 5037 ||| Stepping ~*~*~tactically~*~*~ (outnumbered).
  5038 | D:6      | 5038 ||| Stepping ~*~*~tactically~*~*~ (outnumbered).
  5051 | D:6      | 5051 ||| Stepping ~*~*~tactically~*~*~ (outnumbered).
  5052 | D:6      | 5052 ||| Stepping ~*~*~tactically~*~*~ (outnumbered).
  5053 | D:6      | 5053 ||| Stepping ~*~*~tactically~*~*~ (outnumbered).
  5060 | D:6      | HP: 7/53 [orc warrior/long sword (7)]
  5061 | D:6      | 5061 ||| READING scroll of teleportation.
  5062 | D:6      | 5062 ||| DRINKING 2 potions of heal wounds.
  5296 | D:6      | Reached XP level 9. HP: 52/57 MP: 9/9
  5346 | D:6      | Reached skill level 9 in Maces & Flails
  5777 | D:6      | Reached skill level 6 in Shields
  6360 | D:6      | 6360 ||| UPGRADING to runed chain mail.
  6370 | D:6      | 6370 ||| EATING 14 rations.
  6371 | D:6      | 6371 ||| DROPPING +0 chain mail.
  6372 | D:6      | 6372 ||| DROPPING shiny ring mail.
  6373 | D:6      | 6373 ||| UPGRADING to pair of boots.
  6378 | D:6      | 6378 ||| UPGRADING to plate armour.
  6388 | D:6      | 6388 ||| UPGRADING to knobbly diamond ring.
  6389 | D:6      | 6389 ||| REMOVING +4 ring of intelligence.
  6390 | D:6      | 6390 ||| DROPPING +4 ring of intelligence.
  6391 | D:6      | 6391 ||| READING scroll labeled FYN ATHUDEOSH.
  6392 | D:6      | 6392 ||| READING 4 scrolls of identify.
  6392 | D:6      | 6392 ||| IDENTIFYING pink potion
  6393 | D:6      | 6393 ||| READING 3 scrolls of identify.
  6393 | D:6      | 6393 ||| IDENTIFYING orange potion
  6394 | D:6      | 6394 ||| READING 2 scrolls of identify.
  6394 | D:6      | 6394 ||| IDENTIFYING metallic pink potion
  6395 | D:6      | 6395 ||| DROPPING potion of flight.
  6539 | D:7      | 6539 ||| Stepping ~*~*~tactically~*~*~ (outnumbered).
  6540 | D:7      | 6540 ||| Stepping ~*~*~tactically~*~*~ (outnumbered).
  6541 | D:7      | 6541 ||| Stepping ~*~*~tactically~*~*~ (outnumbered).
  6542 | D:7      | 6542 ||| Stepping ~*~*~tactically~*~*~ (outnumbered).
  6544 | D:7      | 6544 ||| Stepping ~*~*~tactically~*~*~ (outnumbered).
  6636 | D:7      | Found a staircase to the Ecumenical Temple.
  6645 | Temple   | Entered the Ecumenical Temple
  6646 | Temple   | 6646 ||| Entered T.
  6655 | Temple   | Became a worshipper of Warmaster Okawaru
  6919 | D:7      | Reached * piety under Okawaru
  6919 | D:7      | Reached skill level 10 in Maces & Flails
  6920 | D:7      | 6920 ||| INVOKING Heroism.
  7080 | D:7      | 7080 ||| Stepping ~*~*~tactically~*~*~ (outnumbered).
  7082 | D:7      | 7082 ||| Stepping ~*~*~tactically~*~*~ (outnumbered).
  7086 | D:7      | Reached skill level 1 in Invocations
  7244 | D:7      | 7244 ||| INVOKING Heroism.
  7252 | D:7      | 7252 ||| Stepping ~*~*~tactically~*~*~ (outnumbered).
  7263 | D:7      | Reached XP level 10. HP: 62/63 MP: 10/12
  7288 | D:7      | Found an opulent altar of Gozag.
  7523 | D:8      | Reached skill level 3 in Invocations
  7554 | D:8      | 7554 ||| INVOKING Heroism.
  7699 | D:8      | Reached ** piety under Okawaru
  7699 | D:8      | Reached skill level 6 in Armour
  7938 | D:8      | Noticed Grum
  7946 | D:8      | 7946 ||| INVOKING Heroism.
  7971 | D:8      | Killed Grum
  8064 | D:8      | Noticed Maurice
  8082 | D:8      | 8082 ||| INVOKING Heroism.
  8085 | D:8      | HP: 8/63 [acid (14)]
  8093 | D:8      | HP: 7/63 [something/wand of acid (2) (2)]
  8093 | D:8      | Splashed by Maurice's acid

Vault maps used:
D:1:      eino_arrival_druids_welcome
D:2:      cheibrodos_greedy_goblins, tso_altar
D:3:      hangedman_decor_points
D:4:      hangedman_decor_riveting, uniq_duvessa
D:5:      first_ration
D:6:      uniq_pikel
D:7:      minmay_temple_entry_trees, grunt_livestock,
          minmay_misc_feat_diagonals, nicolae_gozag_seed_capital
D:8:      uniq_grum, uniq_maurice
Temple:   compressed_dpeg_circular_temple

Skill      XL: |  1  2  3  4  5  6  7  8  9 10 |
---------------+-------------------------------+-----
Maces & Flails | 3 4 5 6 8 10 | 10.8
Fighting       | 4 7 |  7.1
Shields        | 4 5 7 |  7.0
Dodging        | 1 |  1.0
Armour         | 5 6 |  6.1
Invocations    | 2 4 |  4.0

Action                   |  1- 3 |  4- 6 |  7- 9 | 10-12 || total
-------------------------+-------+-------+-------+-------++-------
Melee: Flail             |   167 |    96 |       |       ||   263
       Morningstar       |       |    11 |   309 |   103 ||   423
       Unarmed           |       |     3 |     6 |       ||     9
Throw: Javelin           |       |    39 |    37 |    16 ||    92
       Tomahawk          |       |       |     5 |     6 ||    11
Invok: Heroism           |       |       |     2 |     3 ||     5
  Use: Scroll            |     6 |     5 |    10 |       ||    21
       Potion            |       |     1 |     2 |       ||     3
  Eat: Chunk             |     2 |     6 |    10 |     2 ||    20
       Ration            |       |       |     1 |       ||     1
Armor: Scale mail        |    77 |    25 |       |       ||   102
       Chain mail        |       |    15 |   120 |       ||   135
       Skin              |       |     1 |     2 |       ||     3
       Plate armour      |       |       |   125 |    64 ||   189
Dodge: Dodged            |    52 |    28 |    87 |    19 ||   186
Block: Shield            |    65 |    58 |   191 |    52 ||   366

Table legend:
 A = Spawn XP
 B = Non-spawn XP
 C = Spawn XP percentage of total XP
 D = Spawn monster count
 E = Non-spawn monster count
 F = Spawn count percentage of total count
 G = Total turns spent on level
                    A         B        C        D         E        F      G
               +---------+---------+-------+---------+---------+-------+---------
         Total |       0 |    6289 |   0.0 |       0 |     186 |   0.0 |  8093
               +---------+---------+-------+---------+---------+-------+---------
           D:1 |       0 |      43 |   0.0 |       0 |      26 |   0.0 |  1025
           D:2 |       0 |      70 |   0.0 |       0 |      35 |   0.0 |   981
           D:3 |       0 |      86 |   0.0 |       0 |      26 |   0.0 |  1045
           D:4 |       0 |     673 |   0.0 |       0 |      16 |   0.0 |  1052
           D:5 |       0 |     225 |   0.0 |       0 |       6 |   0.0 |   683
           D:6 |       0 |    1540 |   0.0 |       0 |      25 |   0.0 |  1654
           D:7 |       0 |    2114 |   0.0 |       0 |      32 |   0.0 |   966
           D:8 |       0 |    1538 |   0.0 |       0 |      20 |   0.0 |   582
               +---------+---------+-------+---------+---------+-------+---------
